 Dungeon Crawl Stone Soup version 0.23-a0-319-gb40ba49 (webtiles) character file.

165 wazuzu the Ogre Mage (level 5, -7/53 HPs)
             Began as an Ogre Wizard on Oct 14, 2018.
             Mangled by an iguana (13 damage)
             ... on level 4 of the Dungeon.
             The game lasted 00:11:13 (3271 turns).

wazuzu the Ogre Mage (Ogre Wizard)                  Turns: 3271, Time: 00:11:13

Health: -7/53      AC:  5    Str: 12    XL:     5   Next: 46%
Magic:  3/13       EV: 10    Int: 19    God:
Gold:   15         SH:  0    Dex:  7    Spells: 14/15 levels left

rFire    . . .     SeeInvis .   o - +2 short sword (freeze)
rCold    . . .     Gourm    .   (no shield)
rNeg     . . .     Faith    .   a - +0 robe
rPois    .         Spirit   .   b - +0 hat
rElec    .         Reflect  .   t - +0 cloak
rCorr    .         Harm     .   (gloves unavailable)
MR       .....                  (boots unavailable)
Stlth    +.........             (no amulet)
HPRegen  0.17/turn              g - +1 ring of protection
MPRegen  0.13/turn              i - ring of flight

@: very slightly contaminated
A: large, unfitting armour, tough skin 1
a: Evoke Flight


You were on level 4 of the Dungeon.
You were not hungry.

You visited 1 branch of the dungeon, and saw 4 of its levels.

You collected 120 gold pieces.
You spent 105 gold pieces at shops.

Inventory:

Hand Weapons
 o - a +2 short sword of freezing (weapon)
Missiles
 l - 26 stones (quivered)
Armour
 a - a +0 robe (worn)
 b - a +0 hat (worn)
 n - a scarf of spirit shield
 t - a +0 cloak (worn)
Jewellery
 g - a +1 ring of protection (left hand)
 i - a ring of flight (right hand)
Wands
 s - a wand of enslavement (18)
Scrolls
 c - 5 scrolls of identify {unknown}
 e - 3 scrolls of remove curse {unknown}
 h - 2 scrolls of enchant armour {unknown}
 j - a scroll of fear {unknown}
 m - a scroll of amnesia {unknown}
 r - 3 scrolls of teleportation
 u - 2 scrolls of blinking
 v - a scroll of enchant weapon {unknown}
Potions
 f - a potion of heal wounds {unknown}
 k - 3 potions of might {unknown}
 p - a potion of magic {unknown}
 q - a potion of curing {unknown}
Comestibles
 d - 3 rations


   Skills:
 + Level 3.5 Fighting
 - Level 1.7 Dodging
 - Level 1.4 Stealth
 * Level 5.9 Spellcasting
 - Level 0.8 Conjurations
   Level 0.8 Summonings
   Level 0.8 Translocations


You had 14 spell levels left.
You knew the following spells:

 Your Spells              Type           Power        Failure   Level  Hunger
a - Magic Dart            Conj           #...         8%          1    None

Your spell library contained the following spells:

 Spells                   Type           Power        Failure   Level  Hunger
 Blink                    Tloc           N/A          12%         2    None
 Call Imp                 Summ           #.......     12%         2    None
 Slow                     Hex            #.......     17%         2    None
 Conjure Flame            Conj/Fire      #.......     28%         3    ##.....
 Mephitic Cloud           Conj/Pois/Air  #.......     30%         3    ##.....


Dungeon Overview and Level Annotations

Branches:
Dungeon (4/15)
 Temple: D:4-7

Altars:
Makhleb

Shops:
D:4 ?


Innate Abilities, Weirdness & Mutations

You are too large for most types of armour.
You have tough skin. (AC +1)


Message History

You miscast Magic Dart.
Sparks fly from your hands! The iguana bites you!
* * * LOW HITPOINT WARNING * * *
Casting: Magic Dart (safe; 8% risk of failure)
Confirm with . or Enter, or press ? or * to list all spells.
Aiming: Magic Dart (safe; 8% risk of failure)
Press: ? - help, Shift-Dir - straight line, f/p - iguana
Aim: an iguana (almost dead)
The magic dart hits the iguana.
The iguana is almost dead.
The iguana bites you.
* * * LOW HITPOINT WARNING * * *
Casting: Magic Dart (safe; 8% risk of failure)
Confirm with . or Enter, or press ? or * to list all spells.
Aiming: Magic Dart (safe; 8% risk of failure)
Press: ? - help, Shift-Dir - straight line, f/p - iguana
Aim: an iguana (almost dead)
The magic dart hits the iguana.
The iguana is almost dead.
The iguana bites you!
You die...

##............# .
##..##.........#
............##.#
#.......#.##.#
#..........#.#
#......#.#.#..
#......#.#....
#>.....#.#...#
######@...........#
###....l......#.#...#
#...####.....)#...
.......###
#........... .....##
########..>. .... ...
... .. h. .


You could see an iguana.

Vanquished Creatures
  A hound (D:2)
  A worker ant (D:4)
  A hound skeleton (D:3)
  4 adders
  An ooze (D:2)
  2 worms (D:2)
  2 dart slugs
  2 leopard geckos (D:3)
  An orc (D:3)
  2 giant cockroaches
  4 hobgoblins
  4 jackals (D:2)
  4 kobolds
  3 quokkas
  5 bats
  6 frilled lizards
  2 goblins
  8 rats
53 creatures vanquished.

Notes
Turn   | Place    | Note
-------+----------+-------------------------------------------
     0 | D:1      | wazuzu the Ogre Wizard began the quest for the Orb.
     0 | D:1      | Reached XP level 1. HP: 16/16 MP: 5/5
   271 | D:1      | Reached skill level 1 in Fighting
   279 | D:1      | Reached skill level 4 in Spellcasting
   279 | D:1      | Reached XP level 2. HP: 27/27 MP: 0/7
   981 | D:2      | Reached XP level 3. HP: 29/35 MP: 1/8
  1175 | D:2      | Found a burning altar of Makhleb.
  1294 | D:2      | Reached skill level 5 in Spellcasting
  1294 | D:2      | Reached XP level 4. HP: 39/44 MP: 4/11
  2370 | D:3      | Reached XP level 5. HP: 52/53 MP: 2/13
  2920 | D:4      | Found Qeniqo's Magic Scroll Shoppe.
  3211 | D:4      | Bought a scroll of teleportation for 30 gold pieces
  3211 | D:4      | Bought a scroll of blinking for 75 gold pieces
  3271 | D:4      | Mangled by an iguana

Vault maps used:
D:1:      lightli_arrival_statue_moat
D:2:      makhleb_heckhound_becter
D:3:      first_ration
D:4:      serial_shops, shop

Skill      XL: |  1  2  3  4 |
---------------+-------------+-----
Fighting       | 1 2 3 |  3.5
Spellcasting   | 4 5 |  5.9
Dodging        | |  1.7
Stealth        | |  1.4
Conjurations   | |  0.8
Summonings     | |  0.8
Translocations | |  0.8

Action                   |  1- 3 |  4- 6 || total
-------------------------+-------+-------++-------
Melee: Unarmed           |     2 |       ||     2
       Short sword       |    17 |    40 ||    57
 Cast: Magic Dart        |    63 |   101 ||   164
  Eat: Chunk             |     1 |     6 ||     7
Armor: Robe              |     8 |    17 ||    25
Dodge: Dodged            |    13 |    31 ||    44

Table legend:
 A = Non-vault XP
 B = Vault XP
 C = Vault XP percentage of total XP
 D = Non-vault monster count
 E = Vault monster count
 F = Vault count percentage of total count
                 A         B        C        D         E       F
            +---------+---------+-------+---------+---------+-------
      Total |     194 |      42 |  17.8 |      52 |       1 |   1.9
            +---------+---------+-------+---------+---------+-------
        D:1 |      19 |       0 |   0.0 |      13 |       0 |   0.0
        D:2 |      82 |      42 |  33.9 |      20 |       1 |   4.8
        D:3 |      59 |       0 |   0.0 |      18 |       0 |   0.0
        D:4 |      34 |       0 |   0.0 |       1 |       0 |   0.0
            +---------+---------+-------+---------+---------+-------
